 Dungeon Crawl Stone Soup version 0.26.0-20-g3ca415f5b8 (webtiles) character file.

Game seed: 12586930352338816883

196 kaeus the Chopper (level 5, -4/47 HPs)
             Began as a Minotaur Monk on Jan 25, 2021.
             Was a Believer of Trog.
             Slain by Sigmund
             ... wielding a +5 vorpal scythe
              (12 damage)
             ... on level 3 of the Dungeon.
             The game lasted 00:01:45 (1974 turns).

kaeus the Chopper (Minotaur Monk)                   Turns: 1974, Time: 00:01:46

Health: -4/47      AC:  2    Str: 16    XL:     5   Next: 45%
Magic:  4/4        EV: 14    Int:  7    God:    Trog [**....]
Gold:   158        SH:  0    Dex: 13    Spells: 4/4 levels left

rFire    . . .     SeeInvis .   i - +1 hand axe (freeze)
rCold    . . .     Faith    .   (no shield)
rNeg     . . .     Spirit   .   b - +0 robe
rPois    .         Reflect  .   (helmet restricted)
rElec    .         Harm     .   (no cloak)
rCorr    .         Rampage  .   (no gloves)
Will     .....                  (no boots)
Stlth    ++........             g - amulet of magic regeneration
HPRegen  0.15/turn              (no ring)
MPRegen  0.34/turn              (no ring)

@: no status effects
A: retaliatory headbutt, horns 2
a: Renounce Religion, Berserk, Trog's Hand


You were on level 3 of the Dungeon.
You worshipped Trog.
Trog was pleased with you.
You visited 1 branch of the dungeon, and saw 3 of its levels.

You collected 158 gold pieces.

Inventory:

Hand Weapons
 i - a +1 hand axe of freezing (weapon)
Armour
 b - a +0 robe (worn)
Jewellery
 g - an amulet of magic regeneration (around neck)
 m - an uncursed amulet of the acrobat {unknown}
Scrolls
 c - a scroll of teleportation {unknown}
 d - 3 scrolls of identify {unknown}
 e - a scroll of enchant armour {unknown}
 j - a scroll of random uselessness {unknown}
Potions
 a - 2 potions of magic {unknown}
 f - a potion of curing {unknown}
 h - a potion of brilliance {unknown}
 k - a potion of heal wounds {unknown}
 l - a potion of mutation {unknown}


   Skills:
 + Level 4.6 Fighting
 + Level 4.7 Axes
 * Level 3.9 Armour
 + Level 4.2 Dodging
 - Level 1.5 Stealth


You had 4 spell levels left.
You didn't know any spells.
Your spell library was empty.

Dungeon Overview and Level Annotations

Branches:
Dungeon (3/15)

Altars:
Trog

Annotations:
D:3 Sigmund


Innate Abilities, Weirdness & Mutations

You reflexively headbutt those who attack you in melee.
You have a pair of horns on your head.


Message History

You barely miss something.
You hear some strange, mumbled words.
A puff of flame appears from out of thin air!
The puff of flame hits you!
You take 11 damage, and have 34/47 hp.
MASSIVE DAMAGE!!
You miss something. Something hits you!
* * * LOW HITPOINT WARNING * * *
You take 20 damage, and have 14/47 hp.
MASSIVE DAMAGE!!
You completely miss something. Your headbutt misses something.
Something hits you.
* * * LOW HITPOINT WARNING * * *
x2 You take 3 damage, and have 11/47 hp.
You closely miss something. You hit the rat. You freeze the rat.
You kill the rat!
Trog accepts your kill.
You hit something. You freeze something. Something hits you.
* * * LOW HITPOINT WARNING * * *
x2 You take 3 damage, and have 8/47 hp.
You closely miss something. Something hits you!
You die...

#.....#
#.....#
##.....##
#.......#
#.......#
#.......#####
#...........#
####.###....#
#. #@...# #.
#{†..# #....#
.....# .....#
.......
...#####
....#


There were no monsters in sight!

Vanquished Creatures
  A scorpion (D:3)
  Natasha (twice) (D:2)
  Robin (D:2)
  3 adders
  A dart slug (D:1)
  2 leopard geckos
  A ball python (D:2)
  5 bats
  3 giant cockroaches
  11 goblins (D:2)
  10 hobgoblins
  7 kobolds
  3 frilled lizards (D:1)
  6 rats
56 creatures vanquished.

Notes
Turn   | Place    | Note
-------+----------+-------------------------------------------
     0 | D:1      | kaeus the Minotaur Monk began the quest for the Orb.
     0 | D:1      | Reached XP level 1. HP: 19/19 MP: 0/0
    44 | D:1      | Reached skill level 1 in Armour
   267 | D:1      | Reached XP level 2. HP: 27/27 MP: 1/1
   552 | D:2      | Noticed Robin
   555 | D:2      | Reached XP level 3. HP: 33/33 MP: 2/2
   557 | D:2      | Killed Robin
  1114 | D:2      | Reached XP level 4. HP: 40/40 MP: 3/3
  1128 | D:2      | Noticed Natasha
  1131 | D:2      | Killed Natasha
  1175 | D:2      | Noticed Natasha
  1178 | D:2      | Killed Natasha
  1390 | D:2      | Found a bloodstained altar of Trog.
  1628 | D:2      | Became a worshipper of Trog the Wrathful
  1628 | D:2      | Reached * piety under Trog
  1628 | D:2      | Reached ** piety under Trog
  1733 | D:3      | Reached XP level 5. HP: 44/47 MP: 4/4
  1961 | D:3      | Noticed Sigmund
  1974 | D:3      | Slain by Sigmund

Illustrated notes

Levels and vault maps discovered:
D:1:      sevenhm_arrival_forest_fort_small_6, layout_basic,
          hangedman_decor_growths, minmay_tall_x
D:2:      layout_rooms, lemuel_doored_altar, minivault_27, uniq_robin,
          uniq_natasha
D:3:      minmay_angry_zag, layout_basic, overflow_temple_1_default,
          gammafunk_temple_overflow_arena, uniq_sigmund

Skill      XL: |  1  2  3  4 |
---------------+-------------+-----
Armour         | 1 2 3 |  3.9
Fighting       | 4 |  4.6
Axes           | 4 |  4.7
Dodging        | 4 |  4.2
Stealth        | |  1.5

Action                   |  1- 3 |  4- 6 || total
-------------------------+-------+-------++-------
Melee: Hand axe          |    59 |    39 ||    98
       Headbutt          |    10 |     7 ||    17
 Stab: Sleeping          |     3 |       ||     3
Armor: Robe              |    13 |     4 ||    17
Dodge: Dodged            |    47 |    21 ||    68
